 Seeded DCSS version 0.29.1-15-g9cfb28693d (webtiles) character file.

Game seed: 10201319926412209598 (custom seed)

21973 fireball365 the Cleaver (level 12, -9/115 HPs)
             Began as a Hill Orc Fighter on Oct 8, 2023.
             Was an Initiate of Gozag.
             Mangled by a yaktaur (12 damage)
             ... on level 13 of the Dungeon.
             The game lasted 00:29:36 (11244 turns).

fireball365 the Cleaver (Hill Orc Fighter)         Turns: 11244, Time: 00:29:39

Health: -9/115     AC: 26    Str: 23    XL:     12   Next: 95%
Magic:  12/12      EV: 11    Int: 10    God:    Gozag
Gold:   2290       SH:  0    Dex: 15    Spells: 11/11 levels left

rFire   . . .      SeeInvis .   P - +2 broad axe (elec)
rCold   . . .      Faith    .   c - +0 buckler
rNeg    + . .      Spirit   .   k - +0 plate armour
rPois   .          Reflect  .   (helmet restricted)
rElec   .          Harm     .   y - +0 cloak
rCorr   .          Rampage  .   F - +0 pair of gloves
Will    +....                   Q - +2 pair of boots of Brilliance {rN+ Int-2 Dex+6}
Stlth   ..........              q - amulet of regeneration
HPRegen 1.09/turn               H - +4 ring of protection
MPRegen 0.13/turn               t - +4 ring of evasion

@: confused, ambrosia-drunk, slowed, very slow
A: horns 1, clever 1, strong-willed 1, evolution 1
a: Renounce Religion, Potion Petition, Call Merchant, Bribe Branch


You were on level 13 of the Dungeon.
You worshipped Gozag.
Gozag was most pleased with you.
You visited 2 branches of the dungeon, and saw 14 of its levels.
You also visited: Ossuary.

You collected 2554 gold pieces.
You spent 184 gold pieces at shops.
You paid 80 gold pieces to Gozag.

Inventory:

Hand Weapons
 g - the +5 long sword "Keto Wamn" {venom, Fragile rC+ Int+4 Stlth+}
   (You took it off an orc wizard on level 11 of the Dungeon)

   It poisons the flesh of those it strikes.
   Int:       It affects your intelligence (+4).
   rC:        It protects you from cold.
   Fragile:   It will be destroyed if unequipped.
   Stlth:     It makes you more stealthy.
 E - a +1 broad axe of flaming
 P - a +2 broad axe of electrocution (weapon)
Missiles
 O - 6 poisoned darts (quivered)
Armour
 c - a +0 buckler (worn)
 k - a +0 plate armour (worn)
 y - a +0 cloak (worn)
 F - a +0 pair of gloves (worn)
 Q - the +2 pair of boots of Brilliance (worn) {rN+ Int-2 Dex+6}
   (You found it on level 11 of the Dungeon)

   Int:       It affects your intelligence (-2).
   Dex:       It affects your dexterity (+6).
   rN:        It protects you from negative energy.
Jewellery
 o - the ring "Kefuzaed" {Wiz rC+}
   (You found it on level 2 of the Dungeon)

   [ring of wizardry]

   It improves your spell success rate.
   rC:        It protects you from cold.
 q - an amulet of regeneration (around neck)
 r - a ring of resist corrosion
 t - a +4 ring of evasion (right hand)
 x - a +6 ring of intelligence
 C - an amulet of the acrobat
 H - a +4 ring of protection (left hand)
Wands
 i - a wand of flame (10)
 s - a wand of polymorph (10)
 I - a wand of digging (7)
 M - a wand of roots (7)
Scrolls
 a - a scroll of butterflies {unknown}
 b - 4 scrolls of poison
 h - 4 scrolls of amnesia
 n - a scroll of silence
 u - 5 scrolls of fear
 z - a scroll of acquirement {unknown}
 A - 2 scrolls of brand weapon
 J - a scroll of vulnerability {unknown}
 K - a scroll of blinking {unknown}
 N - a scroll of enchant weapon {unknown}
Potions
 d - 5 potions of might
 e - 4 potions of flight
 j - 8 potions of ambrosia
 p - 2 potions of lignification
 w - 6 potions of curing
 B - 2 potions of degeneration
 D - a potion of invisibility {unknown}
 G - 4 potions of brilliance
 L - 2 potions of attraction
Miscellaneous
 l - a piece from Xom's chessboard (15/15)


   Skills:
 + Level 13.2 Fighting
 + Level 14.0 Axes
 + Level 12.1 Armour
 + Level 12.2 Shields


You had 11 spell levels left.
You didn't know any spells.
Your spell library contained the following spells:

 Spells                   Type           Power      Damage    Failure   Level
 Ensorcelled Hibernation  Hex/Ice        0%         N/A       100%        2
 Passwall                 Tmut/Erth      0%         N/A       100%        2
 Static Discharge         Conj/Air       0%         3-3/arc   100%        2
 Dazzling Flash           Conj/Hex       0%         N/A       100%        3
 Gell's Gravitas          Tloc           0%         N/A       100%        3
 Portal Projectile        Hex/Tloc       0%         N/A       100%        3
 Spider Form              Tmut/Pois      0%         N/A       100%        3
 Swiftness                Air            0%         N/A       100%        3
 Teleport Other           Tloc           0%         N/A       100%        3
 Tukima's Dance           Hex            0%         N/A       100%        3
 Anguish                  Hex/Necr       0%         N/A       100%        4
 Dispel Undead            Necr           0%         3d6       100%        4
 Hailstorm                Conj/Ice       0%         3d3       100%        4
 Ice Form                 Ice/Tmut       0%         N/A       100%        4
 Iskenderun's Mystic Bla  Conj/Tloc      0%         2d3       100%        4
 Sticky Flame             Conj/Fire      0%         2d3       100%        4
 Blade Hands              Tmut           0%         N/A       100%        5
 Dispersal                Tloc           0%         N/A       100%        6
 Starburst                Conj/Fire      0%         6d3       100%        6
 Simulacrum               Ice/Necr       Unusable   N/A       N/A         6

Dungeon Overview and Level Annotations

Branches:
Dungeon (13/15)            Temple (1/1) D:5            Lair (0/5) D:11
    Orc (0/2) D:11        Ossuary (visited)
 Vaults: D:13-14

Altars:
Ashenzari
Cheibriados
Dithmenos
Elyvilon
Fedhas
Gozag
Hepliaklqana
Kikubaaqudgha
Makhleb
Nemelex Xobeh
Okawaru
Qazlal
Ru
Sif Muna
Trog
Uskayaw
Vehumet
Wu Jian
Xom
Yredelemnul
Zin
The Shining One

Shops:
D:4 (   D:11 *

Annotations:
D:13 Sonja


Innate Abilities, Weirdness & Mutations

You have a pair of small horns on your head.
Your mind is acute. (Int +4, Str/Dex -1)
You are strong-willed. (Will+)
You have hidden genetic potential.


Message History

You block the tengu conjurer's attack.
The tengu conjurer claws you but does no damage.
You block the orc knight's attack.
The yaktaur hits you but does no damage.
Something hits you but does no damage.
The tengu conjurer hits you but does no damage.
The tengu conjurer pecks you but does no damage.
The tengu conjurer barely misses you.
You feel better.
You hear the thunderous beating of a drum nearby.
You block the orc knight's attack. The yaktaur closely misses you.
You hear some strange, mumbled words.
The tengu conjurer mumbles some strange words.
The tengu conjurer blinks!
The orc knight hits you with a +1 great sword!
* * * LOW HITPOINT WARNING * * *
The yaktaur hits you but does no damage.
You feel better. The orc knight closely misses you. The yaktaur hits you.
* * * LOW HITPOINT WARNING * * *
Unknown command.
You are confused.
You feel invigorated. The orc knight completely misses you.
The yaktaur hits you.
The orc knight hits you with a +1 great sword!!
* * * LOW HITPOINT WARNING * * *
The yaktaur hits you!
* * * LOW HITPOINT WARNING * * *
You hear some strange, mumbled words.
The orc knight misses you. The yaktaur hits you.
* * * LOW HITPOINT WARNING * * *
You are too confused!
You are too confused!
You are more confused.
You feel more invigorated. The orc knight closely misses you.
The yaktaur barely misses you.
The orc knight hits you with a +1 great sword!
* * * LOW HITPOINT WARNING * * *
The yaktaur hits you!
You die...
Your body crumbles into a pile of gold.

#...#
#...#
#####...#
+.......#
...#...+
.....#


#ocQ# #.@.# #...# #...# +.*.# #../# ##### You could see an orc knight, a
yaktaur, a tengu conjurer and a battlesphere.

Vanquished Creatures
  5 two-headed ogres
  Urug (D:11)
  Lodul (D:10)
  A manticore (D:11)
  Joseph (D:10)
  3 gargoyles
  An unseen horror (shapeshifter) (D:11)
  An efreet (D:13)
  4 unseen horror zombies (D:10)
  2 trolls
  A queen bee (D:9)
  A slime creature (D:7)
  7 shadows
  2 wyverns
  3 wraiths
  21 yaks
  2 steam dragons (D:8)
  8 vampire mosquitoes
  An acid dragon (D:9)
  6 water moccasins
  An ice beast (D:7)
  2 orc warriors (D:9)
  A black bear (D:11)
  12 ogres
  A sky beast (D:7)
  4 centaurs
  A phantom (D:7)
  4 kobold brigands
  2 gnoll sergeants
  3 scorpions
  2 necrophages
  3 bullfrogs (D:11)
  A wyvern zombie (Ossuary)
  4 wights (D:8)
  2 water moccasin zombies (Ossuary)
  29 killer bees (D:9)
  4 howler monkeys
  10 centaur zombies
  6 orc priests
  8 bullfrog zombies (Ossuary)
  A jelly (D:5)
  2 gnoll boudas
  Natasha (D:2)
  2 iguanas
  9 orc wizards
  3 killer bee zombies (Ossuary)
  14 mummies (Ossuary)
  A howler monkey zombie (Ossuary)
  18 gnolls
  5 adders
  A white imp (D:6)
  2 ufetubi (D:4)
  A worm (D:5)
  A dart slug (D:3)
  31 orcs
  10 bats
  6 endoplasms
  5 giant cockroaches
  7 goblins
  8 hobgoblins
  14 jackals
  21 kobolds
  5 quokkas
  8 ball pythons
  6 frilled lizards
  5 rats (D:1)
359 creatures vanquished.

Vanquished Creatures (others)
  31 fungi (D:11)
  39 plants (D:11)
  5 withered plants
75 creatures vanquished.

Grand Total: 434 creatures vanquished

Notes
Turn   | Place    | Note
-------+----------+-------------------------------------------
     0 | D:1      | fireball365 the Hill Orc Fighter began the quest for the
                  | Orb.
     0 | D:1      | Reached XP level 1. HP: 19/19 MP: 1/1
   154 | D:1      | Reached XP level 2. HP: 19/27 MP: 2/2
   309 | D:1      | Reached skill level 3 in Axes
   588 | D:1      | Reached XP level 3. HP: 33/33 MP: 3/3
   725 | D:1      | Found a faded altar of an unknown god.
  1463 | D:2      | Identified the ring "Kefuzaed" {Wiz rC+}
  1643 | D:2      | Noticed Natasha
  1664 | D:2      | Killed Natasha
  1665 | D:2      | Reached XP level 4. HP: 20/41 MP: 4/4
  2259 | D:3      | Reached skill level 4 in Axes
  2284 | D:3      | Reached XP level 5. HP: 39/47 MP: 5/5
  2556 | D:3      | Found a glowing golden altar of the Shining One.
  2777 | D:4      | Found a basalt altar of Yredelemnul.
  3381 | D:4      | Reached skill level 5 in Fighting
  3381 | D:4      | Reached XP level 6. HP: 47/56 MP: 6/6
  3453 | D:4      | Reached skill level 5 in Axes
  3479 | D:4      | Found Wojisoc's Weapon Emporium.
  3488 | D:4      | Bought a +1 broad axe of flaming for 184 gold pieces
  3511 | D:4      | Reached skill level 5 in Shields
  3515 | D:4      | Reached skill level 5 in Armour
  3605 | D:5      | Entered Level 5 of the Dungeon
  3616 | D:5      | Reached XP level 7. HP: 40/62 MP: 7/7
  3652 | D:5      | Found a sacrificial altar of Ru.
  3695 | D:5      | Found a glowing silver altar of Zin.
  3695 | D:5      | Found a sparkling altar of Nemelex Xobeh.
  3953 | D:5      | Found a sand-covered staircase.
  3958 | Ossuary  | Entered an ossuary
  4002 | Ossuary  | Reached skill level 6 in Axes
  4042 | Ossuary  | Reached XP level 8. HP: 64/71 MP: 8/8
  4123 | Ossuary  | Reached skill level 7 in Axes
  4368 | D:5      | Reached XP level 9. HP: 79/79 MP: 9/9
  4400 | D:5      | Found a staircase to the Ecumenical Temple.
  4415 | Temple   | Entered the Ecumenical Temple
  4594 | D:5      | Found a white marble altar of Elyvilon.
  4595 | D:5      | Found an iron altar of Okawaru.
  4893 | D:6      | Reached skill level 8 in Axes
  4912 | D:6      | HP: 4/81 [poisoned by a gnoll]
  4917 | D:6      | HP: 4/81 [poisoned by a gnoll]
  5290 | D:6      | Gained mutation: Your movements are slightly less
                  | encumbered by armour. (ER -2) [potion of mutation]
  5290 | D:6      | Gained mutation: Your flesh is cold resistant. (rC+)
                  | [potion of mutation]
  5477 | Temple   | Became a worshipper of Gozag Ym Sagoz the Greedy
  6138 | D:7      | Noticed a gargoyle
  6254 | D:7      | Killed a gargoyle
  6255 | D:7      | Reached skill level 9 in Axes
  6349 | D:7      | Reached XP level 10. HP: 91/91 MP: 10/10
  6669 | D:8      | Reached skill level 10 in Axes
  7367 | D:9      | Noticed a two-headed ogre
  7378 | D:9      | Killed a two-headed ogre
  7379 | D:9      | Reached skill level 10 in Fighting
  7685 | D:9      | Found a shimmering altar of Xom.
  7807 | D:9      | Reached skill level 11 in Axes
  7814 | D:9      | Reached XP level 11. HP: 101/101 MP: 11/11
  8251 | D:9      | Found a snail-covered altar of Cheibriados.
  8431 | D:9      | Reached skill level 10 in Shields
  8457 | D:9      | Reached skill level 10 in Armour
  8717 | D:9      | Lost mutation: Your movements are slightly less encumbered
                  | by armour. (ER -2) [potion of mutation]
  8717 | D:9      | Lost mutation: Your flesh is cold resistant. (rC+) [potion
                  | of mutation]
  8717 | D:9      | Gained mutation: You are robust. (+10% HP) [potion of
                  | mutation]
  8718 | D:9      | Lost mutation: You are robust. (+10% HP) [potion of
                  | mutation]
  8718 | D:9      | Gained mutation: Armour fits poorly on your strangely
                  | shaped body. [potion of mutation]
  8718 | D:9      | Gained mutation: You are partially covered in iridescent
                  | scales. (AC +2) [potion of mutation]
  8718 | D:9      | Gained mutation: You passively map a small area around you.
                  | [potion of mutation]
  8719 | D:9      | Lost mutation: You are partially covered in iridescent
                  | scales. (AC +2) [potion of mutation]
  8719 | D:9      | Lost mutation: Armour fits poorly on your strangely shaped
                  | body. [potion of mutation]
  8719 | D:9      | Lost mutation: You passively map a small area around you.
                  | [potion of mutation]
  8719 | D:9      | Gained mutation: You are frail. (-10% HP) [potion of
                  | mutation]
  8719 | D:9      | Gained mutation: Your flesh is heat resistant. (rF+)
                  | [potion of mutation]
  8720 | D:9      | Lost mutation: Your flesh is heat resistant. (rF+) [potion
                  | of mutation]
  8720 | D:9      | Lost mutation: You are frail. (-10% HP) [potion of
                  | mutation]
  8720 | D:9      | Gained mutation: You have hidden genetic potential. [potion
                  | of mutation]
  8720 | D:9      | Gained mutation: You are strong-willed. (Will+) [potion of
                  | mutation]
  8720 | D:9      | Gained mutation: Your mind is acute. (Int +4, Str/Dex -1)
                  | [potion of mutation]
  8731 | D:10     | Entered Level 10 of the Dungeon
  8919 | D:10     | Reached skill level 12 in Axes
  9103 | D:10     | Found a blossoming altar of Fedhas.
  9123 | D:10     | Noticed a two-headed ogre
  9249 | D:10     | Noticed Lodul
  9251 | D:10     | Noticed a two-headed ogre
  9256 | D:10     | Noticed Joseph
  9259 | D:10     | Killed Lodul
  9266 | D:10     | Reached XP level 12. HP: 100/112 MP: 12/12
  9284 | D:10     | Killed a two-headed ogre
  9289 | D:10     | Killed Joseph
  9468 | D:10     | Reached skill level 13 in Axes
  9671 | D:10     | Killed a two-headed ogre
  9681 | D:10     | Gained mutation: You have a pair of small horns on your
                  | head. [hidden potential]
  9743 | D:11     | Found Qimaont's Changing Room.
  9933 | D:11     | Found a staircase to the Lair.
 10275 | D:11     | Noticed Urug
 10296 | D:11     | Killed Urug
 10523 | D:11     | Identified the +2 pair of boots of Brilliance {rN+ Int-2
                  | Dex+6}
 10559 | D:11     | Noticed a two-headed ogre
 10564 | D:11     | Killed a two-headed ogre
 10585 | D:11     | Found a staircase to the Orcish Mines.
 10586 | D:11     | Identified the +5 long sword "Keto Wamn" {venom, Fragile
                  | rC+ Int+4 Stlth+}
 10654 | D:11     | Identified the +1 robe "Forget-Me-Not" {rN++ Int-4}
 10786 | D:11     | Found a shimmering blue altar of Sif Muna.
 11121 | D:13     | Noticed a two-headed ogre
 11126 | D:13     | Killed a two-headed ogre
 11132 | D:13     | Reached skill level 14 in Axes
 11216 | D:13     | Noticed Sonja
 11227 | D:13     | HP: 1/115 [Sonja/+2 short sword of distortion (15)]
 11242 | D:13     | HP: 2/115 [yaktaur (11)]
 11244 | D:13     | Mangled by a yaktaur

Illustrated notes

Levels and vault maps discovered:
D:1:      minmay_arrival_glassed_features, layout_loops_corners,
          dilly_ecumenical_altar_fadedgnrine
D:2:      layout_loops_ring, uniq_natasha
D:3:      layout_rooms, tso_metal_star, grunt_decor_one_mirror
D:4:      layout_basic, yredelemnul_altar_generic, serial_shops, shop,
          kennysheep_nub
D:5:      layout_rooms, nicolae_overflow_hidden_temple,
          minmay_temple_entry_sparse_star, nicolae_ossuary_entry_plus,
          kennysheep_potato
D:6:      layout_rooms
D:7:      layout_basic, wad_mini_maze
D:8:      layout_basic, eino_tiny_chamber
D:9:      layout_roguey [special_room_bee], lemuel_round_altar,
          mainiacjoe_overflow_cross_hatched, chequers_decorated_corner
D:10:     layout_basic, fedhas_altar_fruit_tree, serial_undead, serial_undead_d,
          serial_undead_a, serial_undead_f, serial_undead_d, st_stairs_12,
          uniq_joseph, uniq_lodul
D:11:     layout_roguey, due_lair_maze_entry_diamond, orc_0_dummy,
          nicolae_transmutations_shop, led_sif_book, uniq_urug
D:12:     kennysheep_four_of_diamonds, layout_basic, gammafunk_ghost_hydra_chop,
          minmay_fractal_squares_diagonal_5
D:13:     layout_grid_maze, grunt_vaults_entry_fortified,
          gauntlet_entry_generic, drop_trap, uniq_sonja
Temple:   hellmonk_temple_forest_ring

Skill      XL: |  1  2  3  4  5  6  7  8  9 10 11 12 |
---------------+-------------------------------------+-----
Axes           | 3 4 5 6 7 9 11 12 14 | 14.0
Fighting       | 4 5 6 7 9 10 11 13 | 13.2
Shields        | 4 5 6 8 9 10 12 | 12.2
Armour         | 4 5 6 8 9 10 12 | 12.1

Action                   |  1- 3 |  4- 6 |  7- 9 | 10-12 || total
-------------------------+-------+-------+-------+-------++-------
Melee: War axe           |   135 |   173 |       |       ||   308
       Broad axe         |       |    18 |   261 |   684 ||   963
       Headbutt          |       |       |       |    43 ||    43
Evoke: Wand              |       |       |     2 |     3 ||     5
  Use: Scroll            |       |     4 |    11 |     9 ||    24
       Potion            |       |       |     2 |    15 ||    17
 Stab: Distracted        |       |       |       |     4 ||     4
Armor: Scale mail        |    79 |       |       |       ||    79
       Plate armour      |    68 |   158 |   206 |   458 ||   890
Dodge: Dodged            |    94 |   142 |   175 |   395 ||   806
Block: Buckler           |    56 |    64 |    91 |   223 ||   434
